 Dungeon Crawl Stone Soup version 0.31-a0-844-gdc52ec4e09 (webtiles) character file.

Game seed: 11728349921331677001

410 HessuHobo the Trooper (level 6, -9/57 HPs)
             Began as a Minotaur Berserker on Sept 29, 2023.
             Was an Initiate of the Shining One.
             Mangled by a polar bear (22 damage)
             ... created by the rage of Trog
             ... on level 4 of the Dungeon.
             The game lasted 00:05:57 (2346 turns).

HessuHobo the Trooper (Minotaur Berserker)          Turns: 2346, Time: 00:05:58

Health: -9/57      AC: 10    Str: 23      XL:     6   Next: 58%
Magic:  5/5        EV:  9    Int:  4      God:    the Shining One [......]
Gold:   128        SH:  0    Dex:  9 (10) Spells: 5/5 levels left

rFire   . . .        a - +0 hand axe
rCold   . . .        (no shield)
rNeg    . . .        s - +0 chain mail
rPois   .            (helmet restricted)
rElec   .            (no cloak)
rCorr   .            (no gloves)
SInv    .            f - +0 pair of boots
Will    .....        (no amulet) Stlth
                     (no ring)
HPRegen 0.29/turn    (no ring)
MPRegen 0.09/turn

%: no passive effects
@: glowing
A: horns 2, retaliatory headbutt
a: Renounce Religion


You were on level 4 of the Dungeon.
You worshipped the Shining One.
The Shining One was noncommittal.
You visited 2 branches of the dungeon, and saw 5 of its levels.

You collected 128 gold pieces.

Inventory:

Hand Weapons
 a - a +0 hand axe (weapon)
 c - a +2 dagger of holy wrath
Missiles
 v - 6 atropa-tipped darts
Armour
 b - a +0 animal skin
 e - a +0 leather armour
 f - a +0 pair of boots (worn)
 s - a +0 chain mail (worn)
Wands
 q - a wand of mindburst (19)
 y - a wand of roots (7)
Scrolls
 g - 4 scrolls of identify {unknown}
 i - 2 scrolls of teleportation {unknown}
 l - 2 scrolls of noise {unknown}
 n - a scroll of brand weapon {unknown}
 o - a scroll of fog {unknown}
 p - a scroll of revelation {unknown}
 u - a scroll of immolation {unknown}
 w - a scroll of enchant armour {unknown}
Potions
 j - 2 potions of attraction
 m - a potion of enlightenment
 x - a potion of invisibility {unknown}
 z - a potion of lignification {unknown}


   Skills:
 + Level 5.7 Fighting
 + Level 5.6 Axes
 + Level 2.4 Throwing
 + Level 4.8 Armour
 - Level 2.1 Dodging


You had 5 spell levels left.
You didn't know any spells.
Your spell library was empty.

Dungeon Overview and Level Annotations

Branches:
Dungeon (4/15)             Temple (1/1) D:4

Altars:
Dithmenos
Gozag
Kikubaaqudgha
Makhleb
Nemelex Xobeh
Okawaru
Qazlal
Sif Muna
Trog
Wu Jian
Xom
The Shining One

Shops:
D:2 [


Innate Abilities, Weirdness & Mutations

You have a pair of horns on your head.
You reflexively headbutt those who attack you in melee.


Message History

You kill the quokka!
Found an escape hatch in the floor.
Found a hand axe.
An orc comes into view. It is wielding a +0 hand axe.
There is an open door here.
An orc is nearby!
A giant cockroach comes into view.
The orc shouts!
The giant cockroach completely misses you.
You furiously retaliate!
You headbutt the giant cockroach!
You kill the giant cockroach!
You closely miss the orc. Your headbutt misses the orc.
The orc hits you with a +0 hand axe.
You hit the orc. You headbutt the orc.
You kill the orc!
No target in view!
Found an escape hatch in the ceiling.
You see here a giant cockroach corpse.
i - 2 scrolls labelled QEFI XEB XEPEI (gained 1) Trog sends monsters to punish you.
A black bear and 5 polar bears come into view.
There are monsters nearby!
There are monsters nearby!
Okay, then.
The black bear attacks as it pursues you!
The black bear barely misses you.
The black bear claws you but does no damage.
The black bear claws you. The polar bear bites you! The polar bear claws you.
The polar bear claws you but does no damage.
The polar bear bites you! The polar bear closely misses you.
The polar bear barely misses you. The polar bear bites you.
The polar bear claws you. The polar bear closely misses you.
The polar bear attacks as it pursues you!
The polar bear bites you!
* * * LOW HITPOINT WARNING * * *
The polar bear barely misses you. The polar bear completely misses you.
The polar bear attacks as it pursues you!
The polar bear bites you!!
You die...

#....#
###........
#....#
#........
#....#
#........
#....#
#.###........
#...h#
#..........##
#.hhh#
#####......#
#<...# #.†....#
#..hh#
#......##
##...@######
##......#
#..........#
#......#
#..........#
#......#
#........).#
#......#
#..........#
#......#
#.......)†.#
##.#####
######....##
#.# #....# #.#
###....######.#


You could see 5 polar bears and a black bear (berserk).

Vanquished Creatures
  A sky beast (Temple)
  A phantom (D:4)
  2 hounds (D:4)
  An iguana (D:4)
  2 orc wizards (D:4)
  2 adders
  An ufetubus (D:4)
  A worm (D:3)
  2 dart slugs
  9 orcs
  5 bats
  4 endoplasms
  5 giant cockroaches
  3 goblins
  8 hobgoblins
  4 jackals (D:3)
  3 quokkas
  4 ball pythons
  4 frilled lizards
  6 kobolds
  6 rats
74 creatures vanquished.

Notes
Turn   | Place    | Note
-------+----------+-------------------------------------------
     0 | D:1      | HessuHobo the Minotaur Berserker began the quest for the
                  | Orb.
     0 | D:1      | Reached XP level 1. HP: 19/19 MP: 0/0
   107 | D:1      | Reached XP level 2. HP: 27/27 MP: 1/1
   270 | D:1      | You fall into a shaft and drop 1 floor!
   273 | D:2      | Found Roicvom's Armour Shop.
   595 | D:2      | Reached ** piety under Trog
   634 | D:2      | Reached XP level 3. HP: 31/33 MP: 2/2
  1287 | D:3      | Reached XP level 4. HP: 41/41 MP: 3/3
  1570 | D:4      | Found a staircase to the Ecumenical Temple.
  1581 | D:4      | Reached skill level 1 in Throwing
  1614 | D:4      | Noticed a sky beast
  1616 | Temple   | Entered the Ecumenical Temple
  1623 | Temple   | Fell from the grace of Trog
  1623 | Temple   | Became a worshipper of the Shining One
  1660 | Temple   | HP: 2/61 [something (6)]
  1664 | Temple   | Killed a sky beast
  1665 | Temple   | Reached skill level 5 in Fighting
  1665 | Temple   | Reached skill level 5 in Axes
  1665 | Temple   | Reached XP level 5. HP: 3/48 MP: 4/4
  1893 | D:4      | Noticed a phantom
  1905 | D:4      | Killed a phantom
  1906 | D:4      | Reached XP level 6. HP: 45/56 MP: 5/5
  2342 | D:4      | Noticed a polar bear
  2342 | D:4      | Noticed a polar bear
  2342 | D:4      | Noticed a polar bear
  2342 | D:4      | Noticed a polar bear
  2342 | D:4      | Noticed a polar bear
  2346 | D:4      | Mangled by a polar bear

Illustrated notes

Levels and vault maps discovered:
D:1:      lightli_arrival_windingriver, layout_basic
D:2:      layout_rooms, serial_shops, nicolae_square_shop,
          hangedman_decor_clover_reticule
D:3:      layout_basic
D:4:      layout_basic, minmay_temple_entry_butterflies
Temple:   hellmonk_temple_two_chambers

Skill      XL: |  1  2  3  4  5 |
---------------+----------------+-----
Fighting       | 4 5 |  5.7
Axes           | 4 5 |  5.6
Armour         | 3 4 |  4.8
Throwing       | 1 2 |  2.4
Dodging        | |  2.1

Action                     |  1- 3 |  4- 6 || total
---------------------------+-------+-------++-------
  Melee: Hand axe          |    98 |   115 ||   213
         Headbutt          |    11 |    20 ||    31
         Punch             |       |     1 ||     1
    Use: Potion            |       |     7 ||     7
 Armour: Animal skin       |     9 |       ||     9
         Leather armour    |    37 |       ||    37
         Chain mail        |    27 |   112 ||   139
  Dodge: Dodged            |    60 |    52 ||   112

Table legend: (Time is in decaauts)
 A = Elapsed time spent in this place.
 B = Non-inter-level travel time spent in this place.
 C = Inter-level travel time spent in this place.
 D = Time resting spent in this place.
 E = Time spent auto-exploring this place.
 F = Levels seen in this place.
 G = Mean time per level.
                   A        B        C        D        E       F      G
               +--------+--------+--------+--------+--------+-----+--------+
         Total |   2355 |   2291 |     64 |    473 |   1262 |   5 |  471.0 |
       Dungeon |   2157 |   2093 |     64 |    312 |   1262 |   4 |  539.2 |
        Temple |    197 |    197 |      0 |    161 |      0 |   1 |  197.0 |
               +--------+--------+--------+--------+--------+-----+--------+

Top non-repeatable levels by time:
     D:4: 680 daAuts
     D:2: 588 daAuts
     D:1: 473 daAuts
     D:3: 415 daAuts
  Temple: 197 daAuts
